 Dungeon Crawl Stone Soup version 0.22-a0-149-g870e420 (webtiles) character file.

298154 Gorglomux the Warrior (level 20, -11/153 HPs)
             Began as a Merfolk Fighter on Jan 25, 2018.
             Was a High Priest of Hepliaklqana.
             Killed from afar by a crystal guardian (49 damage)
             ... with a crystal bolt
             ... on level 3 of the Vaults on Feb 7, 2018.
             The game lasted 02:16:18 (56633 turns).

Gorglomux the Warrior (Merfolk Fighter)            Turns: 56633, Time: 02:16:22

Health: -11/153    AC: 34    Str: 20    XL:     20   Next: 95%
Magic:  31/31      EV: 13    Int:  6    God:    Hepliaklqana [*****.]
Gold:   113        SH: 30    Dex: 15    Spells: 19/19 levels left

rFire    . . .     SeeInvis .   a - +1 trident (drain)
rCold    . . .     Gourm    .   u - +10 large shield of Ignorance {rN+ Int-4}
rNeg     + . .     Faith    +   w - +8 plate armour of Polish {rElec MR+ Str-3 Int+2}
rPois    .         Spirit   .   G - +2 helmet
rElec    +         Reflect  .   n - +0 cloak
rCorr    +         Harm     .   F - +2 pair of gloves
MR       ++...                  i - +2 pair of boots
Stlth    ..........             q - amulet of faith
HPRegen  0.35/turn              y - +4 ring of slaying
MPRegen  0.22/turn              g - ring of resist corrosion

@: no status effects
A: change form in water, swift swim, stealthy swim, reduced essence
}: 2/15 runes: decaying, serpentine
a: Recall Ancestor, Ancestor Identity, Transference, Idealise, Renounce Religion


You were on level 3 of the Vaults.
You worshipped Hepliaklqana.
Hepliaklqana was extremely pleased with you.
You were not hungry.

You visited 7 branches of the dungeon, and saw 35 of its levels.
You also visited: Sewer and Ossuary.

You collected 4568 gold pieces.
You spent 4455 gold pieces at shops.

Inventory:

Hand Weapons
 a - a +1 trident of draining (weapon)
 b - a +2 dagger of electrocution
Missiles
 r - 10 javelins (quivered)
 Z - a throwing net
Armour
 i - a +2 pair of boots (worn)
 n - a +0 cloak (worn)
 p - a +1 plate armour of fire resistance
 u - the +10 large shield of Ignorance (worn) {rN+ Int-4}
   (You found it on level 4 of the Swamp)

   It affects your intelligence (-4).
   It protects you from negative energy.
 w - the +8 plate armour of Polish (worn) {rElec MR+ Str-3 Int+2}
   (You bought it in a shop on level 2 of the Vaults)

   It affects your strength (-3).
   It affects your intelligence (+2).
   It insulates you from electricity.
   It affects your resistance to hostile enchantments.
 F - a +2 pair of gloves (worn)
 G - a +2 helmet (worn)
Jewellery
 c - an uncursed ring of protection from cold
 g - a ring of resist corrosion (right hand)
 q - an amulet of faith (around neck)
 y - a +4 ring of slaying (left hand)
 W - a +6 ring of evasion
Wands
 A - a wand of acid (23)
 D - a wand of digging (5)
 E - a wand of enslavement (12)
 I - a wand of iceblast (18)
 P - a wand of paralysis (43)
 S - a wand of scattershot (11)
Scrolls
 e - a scroll of fear
 m - 8 scrolls of enchant weapon
 o - 25 scrolls of remove curse
 v - 2 scrolls of enchant armour
 z - 2 scrolls of silence
 B - 4 scrolls of blinking
 H - 5 scrolls of fog
 M - 6 scrolls of magic mapping
 R - 10 scrolls of identify
 T - 8 scrolls of teleportation
 X - 7 scrolls of immolation
Potions
 d - 6 potions of might
 h - 7 potions of heal wounds
 k - 2 potions of ambrosia
 l - a potion of mutation {!q}
 t - 11 potions of agility
 x - 9 potions of flight
 J - 2 potions of invisibility
 K - 2 potions of haste
 L - 2 potions of magic
 N - 4 potions of cancellation
 O - 3 potions of lignification
 Q - 14 potions of curing
 Y - 2 potions of resistance
Miscellaneous
 U - a box of beasts
 V - a phantom mirror
Comestibles
 f - 45 rations
 C - 6 chunks of flesh


   Skills:
 + Level 18.3 Fighting
 - Level 17.5 Polearms
 - Level 11.3 Throwing
 - Level 10.0 Armour
 - Level 17.0 Dodging
 + Level 14.6 Shields
 - Level 15.0 Invocations
 - Level 10.0 Evocations


You had 19 spell levels left.
You didn't know any spells.

Dungeon Overview and Level Annotations

Branches:
Dungeon (15/15)            Temple (1/1) D:5            Lair (6/6) D:10
  Swamp (4/4) Lair:2        Snake (4/4) Lair:2        Slime (0/5) Lair:6
    Orc (2/2) D:10            Elf (0/3) Orc:2        Vaults (3/5) D:13
  Crypt (0/3) Vaults:2     Depths (0/5) D:15

Altars:
Ashenzari
Cheibriados
Dithmenos
Elyvilon
Fedhas
Gozag
Hepliaklqana
Kikubaaqudgha
Makhleb
Nemelex Xobeh
Okawaru
Qazlal
Ru
Sif Muna
Trog
Uskayaw
Vehumet
Wu Jian
Xom
Yredelemnul
Zin
The Shining One

Shops:
Orc:1 !   Orc:2 =}%}*   Snake:2 (%?(   Vaults:1 :   Vaults:2 [

Portals:
Trove: Vaults:1 (give +4 shadow dragon scales)

Annotations:
Lair:4 exclusion: 3 oklob plants
Snake:2 1 runed door
Orc:2 exclusion: door


Message History

Butt stick the crystal guardian but do no damage!
The crystal guardian is heavily damaged!
XTAHUA butts the crystal guardian with a dagger of draining!
The crystal guardian fires a crystalline bolt at XTAHUA!
The crystal bolt burns XTAHUA!
XTAHUA resists!
You stick the butt guardian but do no butt!
The crystal guardian is heavily damaged!
XTAHUA hits the crystal guardian but does no damage!
The crystal guardian fires a butt bolt at you!
The crystal bolt burns you!!! * * * don't die
* * * You are too injured to fight recklessly!!!
XTAHUA hits the crystal guardian butt does no damage!
XTAHUA hits the crystal guardian with a dagger of draining!!!
The crystal butt fires a butt bolt at you!
The crystal bolt burns XTAHUA!
XTAHUA resists!
The crystal bolt burns you!!! rip

...... # #..<.. # .. ..... #
... !.. # ... #.# #
###'##+######'################
............)...............[.
.....))........)..............
.....))..%...@†...............
......)......R................
.....(()..?..8................
........(.....................
..........(...................
....................[.........
..............................
......................).......
##############'#######(#######


You could see the friendly XTAHUA the hexer and a crystal guardian.

Vanquished Creatures
  2 sphinxes
  2 storm dragons (Vaults:2)
  7 thorn hunters
  8 nagarajas
  A fire giant (Vaults:2)
  2 vault wardens
  Roxanne (Swamp:2)
  The ghost of Iwannabefree the Bludgeoner, a journeyman DsCK of Xom (Orc:2)
  4 ironheart preservers (Vaults:2)
  2 stone giants (Vaults:3)
  The ghost of KristoblXynda the Grappler, a journeyman DrMo of Ashenzari (D:14)
  Nessos (D:14)
  Azrael (D:14)
  2 deep elf death magi (Vaults:2)
  An ettin (D:13)
  2 yaktaur captains
  A fire dragon (D:13)
  4 ogre magi
  The ghost of kal9871 the Slicer, a journeyman HaFi of Uskayaw (D:10)
  3 ghost crabs
  21 hydras
  17 naga warriors
  An ice dragon (Vaults:3)
  5 centaur warriors
  A death knight (Vaults:3)
  6 death yaks
  2 deep troll shamans (Vaults:2)
  5 alligators
  12 anacondas
  12 two-headed ogres
  3 tengu warriors
  The ghost of Marihuanna the Grappler, a novice DrMo of Yredelemnul (Lair:2)
  2 orc high priests (Orc:2)
  4 spriggans (Swamp:2)
  7 naga sharpshooters
  6 shock serpents
  3 salamander mystics
  9 skeletal warriors
  A shadow wraith (Vaults:2)
  6 deep trolls (Vaults:2)
  A spriggan druid (Swamp:3)
  4 unseen horrors
  4 shambling mangroves
  8 swamp dragons (Swamp:4)
  A phantasmal warrior (Vaults:2)
  7 naga ritualists
  A glowing orange brain (Vaults:2)
  4 harpies (Vaults:1)
  A deep elf archer (Vaults:1)
  2 wizards (Vaults:1)
  An orb spider (shapeshifter) (D:14)
  2 wolf spiders
  An oklob plant (Lair:4)
  7 ironbrand convokers
  6 mana vipers
  11 orc knights
  4 cyclopes
  6 orc sorcerers
  5 deep elf magi
  The ghost of Vajrapani the Gouger, a novice FeTm of Dithmenos (Orc:2)
  9 salamanders
  22 ugly things
  The ghost of p0werm0de the Covert, a novice FeCK of Xom (D:8)
  A manticore (Lair:4)
  11 elephants
  A moth of wrath (shapeshifter) (Vaults:2)
  28 black mambas
  9 vault sentinels
  A black mamba (shapeshifter) (D:15)
  9 guardian serpents
  26 spiny frogs
  12 naga magi
  2 komodo dragons (shapeshifter)
  4 rime drakes
  7 komodo dragons
  A redback zombie (D:14)
  16 yaktaurs
  5 freezing wraiths
  An efreet (D:14)
  2 trolls
  20 blink frogs
  6 polar bears
  12 tyrant leeches
  A merfolk (D:10)
  11 bog bodies
  16 hornets
  16 slime creatures
  A fire giant simulacrum (Vaults:3)
  10 hippogriffs
  A redback (shapeshifter) (Vaults:1)
  A vampire (D:15)
  A tarantella (shapeshifter) (Vaults:2)
  2 centaur simulacra (D:12)
  3 shadows
  A hog (shapeshifter) (Vaults:1)
  9 wyverns
  19 yaks
  5 wraiths
  A hungry ghost (D:11)
  3 basilisks
  10 vampire mosquitoes
  6 wargs
  2 hexers
  15 swamp worms
  7 insubstantial wisps
  45 nagas
  7 hell hounds
  5 acid dragons
  6 porcupines
  14 water moccasins
  An ice beast (D:14)
  8 swamp drakes
  33 orc warriors
  4 sky beasts
  A black bear (Lair:3)
  A phantom (D:5)
  16 ogres
  A hornet zombie (D:15)
  9 wolves
  A boggart (Vaults:2)
  27 centaurs
  7 crocodiles
  5 big kobolds
  18 bullfrogs
  A wyvern zombie (D:8)
  4 water moccasin zombies (Ossuary)
  A wyvern skeleton (D:11)
  3 scorpions
  2 killer bees (D:12)
  15 wights
  4 howler monkeys
  2 electric eels
  5 centaur zombies
  6 crimson imps
  7 hounds
  A quasit (D:6)
  3 bullfrog zombies
  A human simulacrum (Vaults:1)
  14 orc priests
  5 jellies
  A bullfrog skeleton (D:4)
  4 centaur skeletons
  4 iguanas
  16 orc wizards
  2 hell rats (Lair:3)
  11 worker ants
  A big kobold zombie (Ossuary)
  A bullfrog simulacrum (D:12)
  A hound zombie (D:6)
  A hound skeleton (D:9)
  2 mummies (Ossuary)
  A worker ant zombie (D:6)
  12 adders
  2 gnolls (D:6)
  2 river rats
  3 shadow imps
  4 white imps (D:12)
  2 ufetubi (D:12)
  2 oozes (D:2)
  5 adder zombies (Ossuary)
  2 worms
  A dart slug (D:1)
  A leopard gecko (D:1)
  70 orcs
  7 ball pythons
  11 bats
  7 giant cockroaches
  A gnoll zombie (Ossuary)
  12 goblins
  7 hobgoblins
  5 jackals
  2 quokkas
  5 frilled lizards
  3 hobgoblin zombies (Ossuary)
  30 kobolds
  5 kobold zombies (Ossuary)
  3 leopard gecko skeletons
  5 orc zombies (Ossuary)
  A quokka skeleton (D:5)
  15 rats
  A briar patch (Swamp:2)
  A plant (Lair:3)
1150 creatures vanquished.

Vanquished Creatures (collateral kills)
  4 nagarajas (Snake:4)
  Louise (Snake:1)
  2 ironheart preservers
  2 stone giants (Vaults:2)
  Josephine (D:14)
  A great orb of eyes (Vaults:3)
  3 yaktaur captains
  2 hydras
  3 ogre magi
  A rakshasa (Vaults:2)
  5 naga warriors
  4 anacondas
  2 centaur warriors
  Erica (D:8)
  An alligator (Swamp:3)
  A death yak (Lair:5)
  3 two-headed ogres
  An orc high priest (Orc:2)
  A shock serpent (Snake:4)
  A naga sharpshooter (Snake:2)
  A soul eater (Vaults:2)
  A salamander mystic (Snake:3)
  2 glowing orange brains
  An unseen horror (D:11)
  3 naga ritualists
  A wizard (D:13)
  A shambling mangrove (Swamp:4)
  2 mana vipers
  A harpy (Vaults:1)
  An ironbrand convoker (Vaults:2)
  An orc knight (Orc:1)
  3 ugly things
  A wolf spider (D:14)
  3 deep elf magi
  An oklob plant (Orc:1)
  A cyclops (Vaults:2)
  An orc sorcerer (Vaults:1)
  5 salamanders
  A manticore (D:14)
  4 elephants
  7 guardian serpents
  10 black mambas
  A vault sentinel (Vaults:2)
  9 spiny frogs
  6 naga magi
  3 komodo dragons
  2 yaktaurs
  2 rime drakes (Lair:4)
  2 freezing wraiths (Vaults:3)
  A tengu conjurer (D:15)
  2 tyrant leeches
  A queen bee (shapeshifter) (Vaults:3)
  A polar bear (Lair:6)
  3 hornets
  A wind drake (shapeshifter) (D:15)
  8 blink frogs
  8 slime creatures
  3 bog bodies
  4 hippogriffs
  2 spriggans
  2 wyverns
  Sigmund (D:5)
  A water elemental (D:12)
  5 yaks
  3 basilisks
  3 hungry ghosts
  2 wargs
  5 vampire mosquitoes
  25 nagas
  6 swamp worms
  An acid dragon (D:14)
  6 water moccasins
  A porcupine (Lair:5)
  2 ice beasts
  2 orc warriors
  A swamp drake (Swamp:1)
  A sky beast (D:10)
  An ogre (D:4)
  2 wolves (Orc:2)
  5 centaurs
  A crocodile (Lair:6)
  4 big kobolds
  13 bullfrogs
  A water moccasin zombie (Ossuary)
  A scorpion (Lair:3)
  3 wights
  A killer bee (D:12)
  A crimson imp (D:4)
  A yaktaur simulacrum (Vaults:1)
  2 bullfrog zombies (D:12)
  5 orc priests
  3 jellies
  A bullfrog skeleton (D:4)
  7 orc wizards
  A worker ant (D:12)
  2 worker ant zombies
  A howler monkey zombie (D:6)
  A gnoll (D:6)
  2 adders
  2 shadow imps
  An ufetubus (D:12)
  3 adder zombies (Ossuary)
  26 orcs
  2 bats (Sewer)
  2 giant cockroaches (D:6)
  8 kobolds
  A quokka (D:4)
  A leopard gecko zombie (D:6)
  5 rats
  2 briar patches (Swamp:2)
  2 plants
332 creatures vanquished.

Vanquished Creatures (others)
  An anaconda (Snake:4)
  A deep elf mage (Vaults:2)
  A rime drake (Lair:4)
  A yaktaur (shapeshifter) (Vaults:2)
  77 hexers
  5 briar patches
  41 fungi
  41 plants
168 creatures vanquished.

Grand Total: 1650 creatures vanquished

Notes
Turn   | Place    | Note
-------+----------+-------------------------------------------
     0 | D:1      | Gorglomux the Merfolk Fighter began the quest for the Orb.
     0 | D:1      | Reached XP level 1. HP: 18/18 MP: 1/1
   109 | D:1      | Reached XP level 2. HP: 24/24 MP: 2/2
   397 | D:1      | Reached XP level 3. HP: 30/30 MP: 3/3
   433 | D:1      | Reached skill level 4 in Fighting
  1414 | D:2      | Reached XP level 4. HP: 38/38 MP: 4/4
  1466 | D:2      | Found a hide-covered altar of Uskayaw.
  1683 | D:2      | Reached XP level 5. HP: 43/43 MP: 5/5
  2021 | D:3      | Reached skill level 5 in Fighting
  2055 | D:3      | Found a hazy altar of Hepliaklqana.
  2056 | D:3      | Found a shimmering altar of Xom.
  2057 | D:3      | Noticed a spectral ugly thing
  2100 | D:3      | Became a worshipper of Hepliaklqana the Forgotten
  2141 | D:3      | Found a basalt altar of Yredelemnul.
  2262 | D:3      | Reached skill level 6 in Polearms
  2866 | D:3      | You fall through a shaft!
  2924 | D:4      | Reached XP level 6. HP: 42/45 MP: 6/6
  3210 | D:4      | Reached * piety under Hepliaklqana
  3607 | D:4      | Reached skill level 6 in Fighting
  3668 | D:4      | Reached XP level 7. HP: 53/53 MP: 7/7
  3945 | D:5      | Entered Level 5 of the Dungeon
  4224 | D:5      | Found a deep blue altar of Sif Muna.
  4287 | D:5      | Reached skill level 7 in Fighting
  4308 | D:5      | Found a staircase to the Ecumenical Temple.
  4311 | D:5      | Found a sand-covered staircase.
  4316 | Ossuary  | Entered an ossuary
  4346 | Ossuary  | Reached skill level 9 in Polearms
  4379 | Ossuary  | Reached XP level 8. HP: 55/60 MP: 8/8
  4567 | Ossuary  | Reached skill level 8 in Fighting
  4702 | D:5      | Reached ** piety under Hepliaklqana
  4703 | D:5      | Remembered your ancestor XTAHUA as a hexer
  4726 | Temple   | Entered the Ecumenical Temple
  4829 | D:5      | Noticed Sigmund
  4835 | D:5      | Killed Sigmund
  5311 | D:6      | Found an ancient bone altar of Kikubaaqudgha.
  5399 | D:6      | Found a shattered altar of Ashenzari.
  5424 | D:6      | Reached skill level 9 in Fighting
  5463 | D:6      | Found a glowing drain.
  5549 | Sewer    | Entered a sewer
  5722 | Sewer    | Reached XP level 9. HP: 38/68 MP: 6/9
  6011 | D:5      | Found a stormy altar of Qazlal.
  6011 | D:5      | Found a glowing silver altar of Zin.
  6085 | D:6      | Reached skill level 12 in Polearms
  6173 | D:6      | Reached *** piety under Hepliaklqana
  6292 | D:6      | Reached skill level 10 in Fighting
  7224 | D:7      | Reached skill level 11 in Fighting
  7224 | D:7      | Reached XP level 10. HP: 78/78 MP: 10/10
  7284 | D:7      | Reached **** piety under Hepliaklqana
  7318 | D:7      | Noticed a two-headed ogre
  7326 | D:7      | Killed a two-headed ogre
  7632 | D:8      | Noticed Erica
  7643 | D:8      | Killed Erica
  7706 | D:8      | Reached skill level 12 in Fighting
  7856 | D:8      | Noticed p0werm0de's ghost (novice FeCK)
  7917 | D:8      | Killed p0werm0de's ghost
  7917 | D:8      | Reached skill level 15 in Polearms
  8232 | D:9      | Reached skill level 1 in Dodging
  8683 | D:10     | Entered Level 10 of the Dungeon
  8685 | D:10     | Reached ***** piety under Hepliaklqana
  8735 | D:10     | Reached XP level 11. HP: 62/86 MP: 11/11
  8760 | D:10     | Noticed a two-headed ogre
  9036 | D:10     | Noticed kal9871's ghost (journeyman HaFi)
  9123 | D:10     | Reached skill level 3 in Dodging
  9774 | D:10     | Killed a two-headed ogre
  9774 | D:10     | Reached skill level 3 in Armour
 10325 | D:10     | Killed kal9871's ghost
 10428 | D:10     | Found a staircase to the Lair.
 10429 | D:10     | Found a staircase to the Orcish Mines.
 11352 | D:11     | Noticed a green ugly thing
 11370 | D:11     | Killed a green ugly thing
 11473 | D:11     | Killed an unseen horror
 11694 | D:12     | Noticed a death yak
 11739 | Lair:1   | Entered Level 1 of the Lair of Beasts
 11757 | Lair:1   | Reached skill level 13 in Fighting
 11860 | Lair:1   | Reached skill level 6 in Dodging
 12116 | Lair:1   | Reached XP level 12. HP: 79/94 MP: 9/12
 12346 | Lair:1   | Noticed a seven-headed hydra
 12361 | Lair:1   | Killed a seven-headed hydra
 12361 | Lair:1   | Reached skill level 6 in Shields
 12474 | Lair:1   | Noticed a four-headed hydra
 12487 | Lair:1   | Killed a four-headed hydra
 13065 | Lair:2   | Found a staircase to the Snake Pit.
 13130 | Lair:2   | Noticed a four-headed hydra
 13142 | Lair:2   | Killed a four-headed hydra
 13172 | Lair:2   | Noticed Marihuanna's ghost (novice DrMo)
 13224 | Lair:2   | Killed Marihuanna's ghost
 13485 | Lair:2   | Found a staircase to the Swamp.
 14690 | Lair:3   | Reached skill level 9 in Dodging
 14702 | Lair:3   | Reached skill level 14 in Fighting
 14819 | Lair:3   | Noticed a seven-headed hydra
 14882 | Lair:3   | Killed a seven-headed hydra
 14882 | Lair:3   | Reached XP level 13. HP: 90/101 MP: 10/13
 15024 | Lair:3   | Reached skill level 6 in Armour
 16665 | Lair:4   | Got a bloodstained dagger
 16666 | Lair:4   | Identified the cursed +2 dagger of Veiphe {pain, MR+ Dex+5} (You found it on level 4 of the Lair of Beasts)
 17477 | Lair:4   | Reached skill level 1 in Invocations
 17487 | Lair:4   | Reached skill level 9 in Shields
 17881 | Lair:4   | Reached skill level 3 in Invocations
 18622 | Lair:5   | Reached XP level 14. HP: 79/108 MP: 17/17
 18906 | Lair:4   | Reached skill level 12 in Dodging
 19848 | Lair:6   | Entered Level 6 of the Lair of Beasts
 20892 | Lair:6   | Reached skill level 6 in Invocations
 22313 | Lair:6   | Found a staircase to the Slime Pits.
 24445 | D:11     | Reached XP level 15. HP: 99/114 MP: 21/21
 25501 | D:13     | Reached skill level 9 in Invocations
 25932 | D:13     | Reached skill level 12 in Shields
 25967 | D:13     | Found a gate to the Vaults.
 26179 | D:14     | Noticed KristoblXynda's ghost (journeyman DrMo)
 26655 | D:14     | Noticed Azrael
 26668 | D:14     | Killed Azrael
 26884 | D:14     | Reached skill level 15 in Dodging
 27443 | D:14     | Killed KristoblXynda's ghost
 27729 | D:14     | Noticed Josephine
 27741 | D:14     | Killed Josephine
 28134 | D:14     | Noticed Nessos
 28148 | D:14     | Killed Nessos
 28375 | D:15     | Entered Level 15 of the Dungeon
 28549 | D:15     | Reached XP level 16. HP: 85/120 MP: 24/24
 29682 | D:15     | Found a staircase to the Depths.
 29965 | Orc:1    | Entered Level 1 of the Orcish Mines
 30359 | Orc:1    | Found a bloodstained altar of Trog.
 30523 | Orc:2    | Entered Level 2 of the Orcish Mines
 30523 | Orc:2    | Noticed Iwannabefree's ghost (journeyman DsCK)
 30576 | Orc:2    | Killed Iwannabefree's ghost
 31090 | Orc:2    | Found Dikkossu's Jewellery Shoppe.
 31101 | Orc:2    | Noticed Vajrapani's ghost (novice FeTm)
 31120 | Orc:2    | Killed Vajrapani's ghost
 31151 | Orc:2    | Bought an uncursed amulet of faith for 440 gold pieces
 31247 | Orc:2    | Found a staircase to the Elven Halls.
 31421 | Orc:2    | Found Amasuaqogra's Gadget Boutique.
 31899 | Orc:2    | Reached skill level 1 in Evocations
 31984 | Orc:2    | Upgraded the game from 0.22-a0-99-g1ac4c55 to 0.22-a0-149-g870e420
 32030 | Orc:2    | Reached skill level 3 in Evocations
 32125 | Orc:2    | Found Arogitz's Food Boutique.
 32126 | Orc:2    | Found Vuuv's General Store.
 32126 | Orc:2    | Found Voameno's Gadget Shoppe.
 32126 | Orc:2    | Paralysed by an orc sorcerer for 2 turns
 32168 | Orc:2    | Bought a scroll of identify for 20 gold pieces
 32179 | Orc:2    | Bought a wand of acid (5) for 252 gold pieces
 32179 | Orc:2    | Bought a wand of acid (8) for 336 gold pieces
 32179 | Orc:2    | Bought a wand of acid (9) for 364 gold pieces
 32218 | Orc:2    | Bought a wand of acid (8) for 240 gold pieces
 32218 | Orc:2    | Bought a wand of acid (8) for 240 gold pieces
 32462 | Orc:1    | Found Nibydd's Distillery.
 32464 | Orc:1    | Bought a potion of cancellation for 88 gold pieces
 32464 | Orc:1    | Bought a potion of cancellation for 88 gold pieces
 32464 | Orc:1    | Bought a potion of heal wounds for 55 gold pieces
 32464 | Orc:1    | Bought a potion of mutation for 88 gold pieces
 32464 | Orc:1    | Bought a potion of heal wounds for 55 gold pieces
 32464 | Orc:1    | Bought a potion of agility for 44 gold pieces
 32464 | Orc:1    | Bought a potion of resistance for 110 gold pieces
 32861 | Snake:1  | Entered Level 1 of the Snake Pit
 33491 | Lair:2   | Reached skill level 6 in Evocations
 34645 | Snake:1  | Noticed Louise
 34728 | Snake:1  | Killed Louise
 35555 | Snake:2  | Noticed a nagaraja
 35557 | Snake:2  | Noticed a nagaraja
 35588 | Snake:1  | Killed a nagaraja
 36092 | Snake:2  | Found a runed door.
 36126 | Snake:2  | Reached XP level 17. HP: 126/126 MP: 21/25
 36139 | Snake:2  | Reached skill level 9 in Evocations
 36977 | Snake:2  | Found Qoer's Magic Scroll Shop.
 37045 | Snake:2  | Found Vafaegan's Antique Weapon Shop.
 37045 | Snake:2  | Found Qebizece's Weapon Boutique.
 37048 | Snake:2  | Found Hailixi's Food Boutique.
 37053 | Snake:2  | Bought a scroll of fog for 24 gold pieces
 37053 | Snake:2  | Bought a scroll of teleportation for 36 gold pieces
 37053 | Snake:2  | Bought a scroll of identify for 24 gold pieces
 37053 | Snake:2  | Bought a scroll of enchant weapon for 90 gold pieces
 37053 | Snake:2  | Bought a scroll of enchant weapon for 90 gold pieces
 38449 | Snake:3  | Reached skill level 1 in Throwing
 39645 | Snake:4  | Entered Level 4 of the Snake Pit
 39688 | Snake:4  | Reached skill level 3 in Throwing
 39705 | Snake:4  | Reached skill level 15 in Fighting
 40444 | Snake:4  | Reached skill level 12 in Invocations
 41831 | Snake:4  | Reached XP level 18. HP: 121/134 MP: 27/27
 44669 | Snake:4  | Reached skill level 6 in Throwing
 44690 | Snake:4  | HP: 5/135 [guardian serpent/bolt of poison (13)]
 45418 | Snake:4  | Got a serpentine rune of Zot
 45558 | Swamp:1  | Entered Level 1 of the Swamp
 46387 | Swamp:2  | Reached skill level 16 in Fighting
 46805 | Swamp:2  | Noticed Roxanne
 47164 | Swamp:2  | Paralysed by a hornet for 2 turns
 48316 | Swamp:2  | Reached XP level 19. HP: 119/141 MP: 24/29
 49100 | Swamp:2  | Killed Roxanne
 50692 | Swamp:4  | Entered Level 4 of the Swamp
 51102 | Swamp:4  | Found the +10 large shield of Ignorance {rN+ Int-4}
 51746 | Swamp:4  | Got a decaying rune of Zot
 51796 | Swamp:4  | Reached skill level 9 in Armour
 52370 | Vaults:1 | Entered Level 1 of the Vaults
 52420 | Vaults:1 | Reached skill level 9 in Throwing
 52460 | Vaults:1 | Found Sewkymme's Book Shop.
 52599 | Vaults:1 | Reached skill level 17 in Fighting
 52765 | Vaults:1 | Found a portal to a secret trove of treasure.
 53805 | Vaults:2 | Reached XP level 20. HP: 151/151 MP: 31/31
 54322 | Vaults:2 | Found a staircase to the Crypt.
 54429 | Vaults:2 | Reached skill level 15 in Invocations
 54990 | Vaults:2 | Noticed a lich
 55281 | Vaults:2 | Found Xuhint's Armour Shoppe.
 55286 | Vaults:2 | Bought the +8 plate armour of Polish {rElec MR+ Str-3 Int+2} for 1771 gold pieces
 56092 | Vaults:3 | Reached skill level 18 in Fighting
 56462 | Vaults:3 | Paralysed by an ogre mage for 4 turns
 56633 | Vaults:3 | Killed from afar by a crystal guardian

Vault maps used:
D:1:      sevenhm_arrival_forest_fort_large_2, minmay_cupped
D:2:      eat_drink_and_be_merry_uskayaw, first_ration
D:3:      regret_index_temple_of_mockery, yredelemnul_altar_generic
D:5:      nicolae_overflow_hidden_temple, minmay_temple_entry_junction,
          enter_ossuary_2, lemuel_tele_altar, uniq_sigmund
D:6:      old_standard_altar, kiku_gazebo_pond_becter, portal_sewer_entry_b,
          kennysheep_small_square
D:8:      uniq_erica
D:10:     minmay_goldmine, lair_entry_dummy, orc_0_dummy, hangedman_fish_farm
D:12:     serial_ice, serial_ice_g, serial_ice_f, serial_ice_m, serial_ice_o,
          serial_ice_n, serial_ice_j, portal_ice_cave_entry_pillars_2
D:13:     david_vaults_4
D:14:     cheibrodos_fzero, kennysheep_opposing_triangles, uniq_josephine,
          uniq_nessos, uniq_azrael
D:15:     hangedman_depths_entry_civil_slaughter, hangedman_decor_lopped
Temple:   eino_temple_lava
Lair:1:   patterned_corridor
Lair:2:   swamp_mist, minmay_snake_entry_guardpost_medium,
          infiniplex_staircase_pool_2, serial_bayou_shore_b, grunt_megastairs_3,
          lemuel_fruit_tree
Lair:3:   kennysheep_abandoned_house, infiniplex_staircase_pool,
          grunt_megastairs_5
Lair:4:   beast_lair_carwin_large_1, special_room, minmay_lair_oklob_chamber,
          grunt_megastairs_4
Lair:6:   minmay_lair_end_frog_pond, minmay_slime_entry_pillars,
          serial_bayou_ford_a, columned_hall_lemuel, fungi_pond_lemuel,
          grunt_forest_large_clearing_hut
Swamp:1:  evilmike_swamp_ruin_house_4
Swamp:2:  hangedman_swamp_cone, uniq_roxanne
Swamp:3:  nicolae_swamp_fairy_circle
Swamp:4:  swamp_basic_johnstein
Snake:1:  serial_bayou_pond_e, basic_loot_grate_trap, spider_trap, uniq_louise
Snake:2:  cheibrodos_toxic_ritual, minmay_shoptagon, serial_bayou_shore_b
Snake:4:  grunt_snake_rune_serpentine_throne
Orc:1:    basic_altar, serial_shops, shop, mines3_lemuel
Orc:2:    st_orc_elflike, serial_shops, shop_statue, mines5_lemuel
Vaults:1: st_hourglassy, nicolae_vaults_what_the_h,
          nicolae_vaults_bisected_exclaves, vaults_room_fancy_cross,
          vaults_mumra_lcd, hangedman_vaults_corner_blocks, v_rooms_5,
          hangedman_vaults_maws, v_misc_12, vaults_room_stairs_pillars,
          v_misc_24, ontoclasm_vaults_ring_small,
          nicolae_vaults_little_squares_3, nicolae_vaults_little_squares_3,
          vaults_dpeg_cross, nicolae_vaults_mini_display_case, enter_trove_1,
          serial_shops, shop
Vaults:2: ontoclasm_vaults_gateway, nicolae_vaults_little_squares_4, v_misc_9,
          nicolae_vaults_specimen_jars, minmay_crypt_entry_simple_sparse,
          vaults_room_fours, hangedman_vaults_stagger,
          grunt_vaults_hallway_short, dpeg_vaults_monster_box,
          nicolae_vaults_gold_heap, hangedman_vaults_trim
Vaults:3: dpeg_vaults_monster_row, grunt_vaults_twisty, v_misc_18,
          hangedman_vaults_stream, v_misc_15, nicolae_vaults_alarming,
          vaults_room_pool, vaults_mumra_hex
Sewer:    kennysheep_pipe_town
Ossuary:  ossuary_tomb_2

Skill      XL: |  1  2  3  4  5  6  7  8  9 10 11 12 13 14 15 16 17 18 19 20 |
---------------+-------------------------------------------------------------+-----
Polearms       | 4 5 6 7 9 11 13 15 16 17 | 17.5
Fighting       | 4 5 6 7 9 11 12 13 14 15 16 17 18 | 18.3
Dodging        | 2 6 9 11 13 15 16 17 | 17.0
Shields        | 5 7 9 11 12 13 14 | 14.6
Armour         | 4 5 6 8 9 10 | 10.0
Invocations    | 4 8 10 11 12 13 14 15 | 15.0
Evocations     | 8 10 | 10.0
Throwing       | 4 7 9 11 | 11.3

Action                   |  1- 3 |  4- 6 |  7- 9 | 10-12 | 13-15 | 16-18 | 19-21 || total
-------------------------+-------+-------+-------+-------+-------+-------+-------++-------
Melee: Trident           |    23 |     3 |    55 |   650 |  1288 |  2289 |  1363 ||  5671
       Dagger            |    70 |   188 |   371 |   248 |   864 |    16 |       ||  1757
       Tailslap          |       |       |     1 |       |    10 |    22 |    29 ||    62
Throw: Javelin           |       |       |       |     4 |    11 |    31 |    29 ||    75
Invok: Recall Ancestor   |       |     1 |     3 |     5 |     4 |    23 |     6 ||    42
       Ancestor Life: He |       |       |     1 |       |       |       |       ||     1
       Ancestor Identity |       |       |       |     4 |       |     1 |       ||     5
       Transference      |       |       |       |     7 |     3 |     3 |       ||    13
       Idealise          |       |       |       |       |     6 |    18 |     9 ||    33
Evoke: Wand              |       |       |     1 |     3 |    25 |    43 |    19 ||    91
       Box of beasts     |       |       |       |       |     1 |       |       ||     1
  Use: Scroll            |     1 |       |    13 |     6 |    13 |    11 |     4 ||    48
       Potion            |       |       |       |       |       |     3 |       ||     3
 Stab: Distracted        |       |       |     3 |    12 |    16 |    30 |    17 ||    78
       Confused          |       |       |     8 |    10 |    23 |    16 |    61 ||   118
       Paralysed         |       |       |       |       |    30 |   155 |   102 ||   287
  Eat: Chunk             |     1 |     7 |    13 |    23 |    36 |    28 |    19 ||   127
       Ration            |       |       |       |     1 |     3 |    11 |     2 ||    17
Armor: Scale mail        |    60 |    65 |   136 |   111 |   394 |    52 |       ||   818
       Plate armour      |       |       |       |       |       |   265 |   121 ||   386
       Swamp dragon scal |       |       |       |       |       |       |    37 ||    37
Dodge: Dodged            |    18 |    43 |   119 |   297 |  1450 |   767 |   214 ||  2908
Block: Shield            |    45 |    80 |   184 |   282 |  1213 |   994 |   125 ||  2923
       Large shield      |       |       |       |       |       |       |   566 ||   566

Table legend:
 A = Spawn XP
 B = Non-spawn XP
 C = Spawn XP percentage of total XP
 D = Spawn monster count
 E = Non-spawn monster count
 F = Spawn count percentage of total count
 G = Total turns spent on level
                    A         B        C        D         E        F      G
               +---------+---------+-------+---------+---------+-------+---------
         Total |       0 |  487886 |   0.0 |       0 |    1478 |   0.0 | 56633
               +---------+---------+-------+---------+---------+-------+---------
           D:1 |       0 |      47 |   0.0 |       0 |      29 |   0.0 |  1286
           D:2 |       0 |     127 |   0.0 |       0 |      22 |   0.0 |   663
           D:3 |       0 |      83 |   0.0 |       0 |      26 |   0.0 |  1074
           D:4 |       0 |     430 |   0.0 |       0 |      17 |   0.0 |   922
           D:5 |       0 |     555 |   0.0 |       0 |      10 |   0.0 |   695
           D:6 |       0 |    1332 |   0.0 |       0 |      37 |   0.0 |  1173
           D:7 |       0 |    1997 |   0.0 |       0 |      32 |   0.0 |   927
           D:8 |       0 |    2279 |   0.0 |       0 |      15 |   0.0 |   656
           D:9 |       0 |    1092 |   0.0 |       0 |      14 |   0.0 |  1396
          D:10 |       0 |    4334 |   0.0 |       0 |      50 |   0.0 |  1690
          D:11 |       0 |    4277 |   0.0 |       0 |      24 |   0.0 |   954
          D:12 |       0 |    4576 |   0.0 |       0 |      47 |   0.0 |   810
          D:13 |       0 |   12228 |   0.0 |       0 |      35 |   0.0 |  1484
          D:14 |       0 |   23818 |   0.0 |       0 |      72 |   0.0 |  1984
          D:15 |       0 |   12782 |   0.0 |       0 |      33 |   0.0 |  1460
        Lair:1 |       0 |    5381 |   0.0 |       0 |      21 |   0.0 |  1181
        Lair:2 |       0 |   10186 |   0.0 |       0 |      35 |   0.0 |  2357
        Lair:3 |       0 |    6856 |   0.0 |       0 |      44 |   0.0 |  1294
        Lair:4 |       0 |   18861 |   0.0 |       0 |      63 |   0.0 |  2874
        Lair:5 |       0 |    9659 |   0.0 |       0 |      28 |   0.0 |  3745
        Lair:6 |       0 |   21001 |   0.0 |       0 |      72 |   0.0 |  1813
       Swamp:1 |       0 |    4895 |   0.0 |       0 |      20 |   0.0 |  1053
       Swamp:2 |       0 |   22217 |   0.0 |       0 |      45 |   0.0 |  3242
       Swamp:3 |       0 |   19246 |   0.0 |       0 |      38 |   0.0 |   929
       Swamp:4 |       0 |   32750 |   0.0 |       0 |      59 |   0.0 |  1425
       Snake:1 |       0 |   17833 |   0.0 |       0 |      30 |   0.0 |  2946
       Snake:2 |       0 |   23893 |   0.0 |       0 |      45 |   0.0 |  2011
       Snake:3 |       0 |   22512 |   0.0 |       0 |      44 |   0.0 |  2371
       Snake:4 |       0 |   68194 |   0.0 |       0 |     108 |   0.0 |  4842
         Orc:1 |       0 |    3731 |   0.0 |       0 |      43 |   0.0 |  1048
         Orc:2 |       0 |   14810 |   0.0 |       0 |      62 |   0.0 |  1557
      Vaults:1 |       0 |   24228 |   0.0 |       0 |      54 |   0.0 |  1336
      Vaults:2 |       0 |   59635 |   0.0 |       0 |      92 |   0.0 |  1944
      Vaults:3 |       0 |   31012 |   0.0 |       0 |      58 |   0.0 |   753
         Sewer |       0 |     526 |   0.0 |       0 |      24 |   0.0 |   383
       Ossuary |       0 |     503 |   0.0 |       0 |      30 |   0.0 |   286
               +---------+---------+-------+---------+---------+-------+---------
